Map: Rifts to Korhal

Players

sTkmonk

  • Race: Terran Terran
  • Spawn Location: 7:00

monk

  • Race: Protoss Protoss
  • Spawn Location: 7:00

VOD

Have the link to the VOD?

Description

Time

  • Played on: July 24, 2017, 7:23 a.m.
  • Length: 16:02
Show
View Real Time Build Order
Export as new Build Order

sTkmonk Terran 

Build Orders:  

Get SALT Encoding   

Show
View Real Time Build Order
Export as new Build Order

monk Protoss 

Build Orders:  

Get SALT Encoding   

  12  0:03  Probe (Chrono Boost)  
  13  0:17  Probe (Chrono Boost)  
  14  0:31  Probe (Chrono Boost)  
  15  0:44  Assimilator  
  15  0:45  Dark Pylon, Assimilator  
  15  0:48  Probe (Chrono Boost)  
  16  1:02  Probe (Chrono Boost)  
  17  1:11  Gateway  
  17  1:16  Probe (Chrono Boost)  
  18  1:28  Forge  
  10  1:30  Probe (Chrono Boost)  
  19  1:43  Probe (Chrono Boost)  
  19  1:47  Pylon  
  20  1:57  Probe (Chrono Boost)  
  21  2:11  Probe (Chrono Boost)  
  21  2:13  Protoss Ground Weapons Level 1  
  22  2:20  Cybernetics Core  
  22  2:25  Probe (Chrono Boost)  
  23  2:39  Probe (Chrono Boost)  
  24  2:53  Probe (Chrono Boost)  
  25  3:09  Probe (Chrono Boost)  
  26  3:17  Death Council  
  26  3:23  Probe (Chrono Boost)  
  26  3:28  Assimilator  
  27  3:34  Assimilator  
  27  3:37  Probe (Chrono Boost)  
  28  3:46  Nexus  
  28  3:54  Pylon  
  25  4:00  Probe (Chrono Boost)  
  29  4:12  Warp Gate  
  29  4:13  Probe (Chrono Boost), Dark Shrine  
  30  4:28  Probe (Chrono Boost)  
  30  4:29  Gateway  
  31  4:42  Probe (Chrono Boost)  
  31  4:45  Protoss Ground Weapons Level 2 (Chrono Boost)  
  32  4:50  Shadow Fury (Chrono Boost)  
  32  4:56  Probe (Chrono Boost)  
  33  5:12  Probe  
  33  5:13  Dark Templar  
  36  5:25  Probe  
  37  5:30  Probe  
  37  5:39  Probe  
  38  5:46  Gateway  
  38  5:49  Gateway  
  39  6:11  Stalker x2  
  43  6:29  Gateway x2  
  43  6:36  Blink  
  43  6:37  Gateway  
  43  6:41  Gateway  
  43  6:42  Dark Templar Blink  
  43  6:58  Pylon  
  43  6:59  Phase Reactor  
  43  7:28  Pylon  
  43  7:29  Dark Templar, Pylon  
  45  7:30  Dark Templar x3  
  51  7:44  Protoss Ground Weapons Level 3 (Chrono Boost), Pylon  
  51  8:01  Stalker x3  
  51  8:06  Stalker  
  59  8:16  Stalker  
  61  8:20  Stalker  
  61  8:24  Stalker  
  65  8:30  Stalker  
  67  8:48  Stalker x3  
  73  9:00  Stargate  
  73  9:05  Stalker  
  75  9:39  Oracle (Chrono Boost)  
  67  9:50  Dark Templar  
  67  9:51  Dark Templar x3  
  67  9:59  Stalker x3  
  81  10:00  Stalker  
  86  10:20  Dark Pylon  
  86  10:32  Dark Templar x4  
  94  10:40  Pylon  
  94  10:41  Pylon x2  
  94  10:42  Pylon  
  94  11:06  Pylon  
  94  11:07  Dark Templar x4  
  99  11:38  Stalker x2  
  99  11:39  Stalker x2  
  107  11:57  Pylon  
  107  11:58  Stalker x3  
  107  11:59  Stalker  
  115  12:10  Pylon  
  115  12:13  Oracle  
  110  12:47  Dark Templar  
  110  12:48  Dark Templar x3  
  110  12:49  Dark Templar x3  
  118  13:13  Dark Templar  
  120  13:25  Pylon  
  120  13:27  Dark Templar x2  
  124  13:35  Dark Templar  
  124  13:36  Dark Templar x2  
  128  13:50  Pylon  
  128  13:53  Dark Templar x2  
  132  14:10  Dark Templar x2  
  136  14:33  Dark Pylon  
  136  14:41  Dark Templar x3  
  135  15:09  Dark Templar x3  
Tags
 
Add a new tag
Caveats
  • Supply blocks, unpowered buildings, or Contaminate may cause inaccurate times.
  • Supply counts are checked every 10 seconds.